 Dungeon Crawl Stone Soup version 0.17-a0-484-g0e03f6a (console) character file.

182 MrRokkomies the Insei (level 5, -1/28 HPs)
             Began as a Vine Stalker Transmuter on Apr 11, 2015.
             Slain by Crazy Yiuf
             ... wielding a +4 quarterstaff of chaos
              (2 damage)
             ... on level 2 of the Dungeon.
             The game lasted 00:09:06 (1885 turns).

MrRokkomies the Insei (Vine Stalker Transmuter)     Turns: 1885, Time: 00:09:06

Health: -1/28      AC:  4    Str: 12    XL:     5   Next: 61%
Magic:  0/9        EV: 12    Int: 14    God:
Gold:   90         SH:  0    Dex: 15    Spells: 1 memorised, 7 levels left

rFire  . . .     SeeInvis .       - Unarmed
rCold  . . .     Clarity  .     m - +1 animal skin
rNeg   . . .     SustAb   .     (no shield)
rPois  .         Gourm    .     (no helmet)
rElec  .         Spirit   +     (no cloak)
rCorr  .         Warding  .     (no gloves)
rMut   .         Rnd*Tele +     (boots currently unavailable)
MR     .....                    (no amulet)
Stlth  +.........               (no ring)
                                f - ring of teleportation (curse)

@: lethally poisoned (-1 -> -7), appendage (expiring), drained, not resistant to
hostile enchantments, very unstealthy
A: fangs 2, talons 3, regeneration 1, shaggy fur 1, magic shield, antimagic
bite, no device heal 3, rot immunity
a: End Transformation, Evoke Teleportation


You were on level 2 of the Dungeon.
You were hungry.
You had grown temporary talons.
You visited 1 branch of the dungeon, and saw 2 of its levels.

You collected 90 gold pieces.

Inventory:

Hand weapons
 n - a +0 dagger of venom
Missiles
 b - 59 arrows
 e - 22 stones (quivered)
Armour
 c - a +0 robe
 l - a +0 leather armour
 m - a +1 animal skin (worn)
Jewellery
 f - a cursed ring of teleportation (left hand)
Scrolls
 i - 2 scrolls of magic mapping
 j - a scroll of identify
Potions
 k - a potion of might {unknown}
Books
 d - a book of Changes

   Spells                             Type                      Level
   a - Beastly Appendage              Transmutation                1
   b - Sticks to Snakes               Transmutation                2
   c - Spider Form                    Transmutation/Poison         3
   d - Ice Form                       Ice/Transmutation            4
   e - Blade Hands                    Transmutation                5
Comestibles
 a - a bread ration
 g - 2 meat rations
 h - a slice of pizza
 o - a chunk of flesh


   Skills:
 * Level 3.2(2.9) Fighting
 - Level 1.5(1.2) Dodging
 * Level 4.9(4.5) Unarmed Combat
 - Level 2.1(1.8) Spellcasting
 - Level 2.0(1.6) Transmutations


You had 7 spell levels left.
You knew the following spells:

 Your Spells              Type           Power        Failure   Level  Hunger
a - Beastly Appendage     Trmt           #.....       14%         1    ##.....


Dungeon Overview and Level Annotations

Branches:
Dungeon (2/15)

Altars:

Annotations:
D:2 Crazy Yiuf


Innate Abilities, Weirdness & Mutations

You have extremely sharp teeth.
Your natural rate of healing is unusually fast.
You are covered in fur (AC +1).
When hurt, damage is shared between your health and your magic reserves.
Your bite disrupts and absorbs the magic of your enemies.
Potions and wands cannot restore your health.
You are immune to rotting.
You have claws for feet.


Message History

You hit Crazy Yiuf. Your kick misses Crazy Yiuf.
Crazy Yiuf is moderately wounded.
Crazy Yiuf hits you with a quarterstaff of chaos.
* * * LOW HITPOINT WARNING * * *
You hit Crazy Yiuf but do no damage. You bite Crazy Yiuf. You drain his power.
You feel invigorated.
Crazy Yiuf is moderately wounded.
Your transformation is almost over.
You hit Crazy Yiuf.
Crazy Yiuf is heavily wounded.
* * * LOW HITPOINT WARNING * * *
You feel sick. Crazy Yiuf hits you but does no damage.
You are lethally poisoned!
You barely miss Crazy Yiuf. Your kick misses Crazy Yiuf. You bite Crazy Yiuf.
You drain his power.
You feel invigorated.
Crazy Yiuf is severely wounded.
* * * LOW HITPOINT WARNING * * *
You feel sick.
Crazy Yiuf hits you with a quarterstaff of chaos!
You die...

#####....b.###...##
..................#
.####......###....#
.#.........# #....#
.#.#####.#.# 7.PP77
##.#<.##.#.# 7.PP7
##.....#.#.# 77.77
........>#.# 7.77
######.#...# 77.7
## #.#...# 7.77 .#
#.#...#


77@7 .# #<)...# #g# .# ##....# ... .# #...## #...# .# ##### #..)# ######## #####
...)...# (#####.# ### .#...#.# #.## )#.###.# #..# .#.....# ##.# You could see
Crazy Yiuf.

Vanquished Creatures
  A scorpion (D:2)
  Ijyb (D:2)
  Robin (D:2)
  An adder (D:1)
  3 gnolls (D:2)
  A giant gecko (D:1)
  12 goblins (D:2)
  8 hobgoblins
  13 bats
  A giant cockroach (D:1)
  2 giant newts
  9 kobolds
  6 rats
  A fungus (D:2)
60 creatures vanquished.

Notes
Turn   | Place    | Note
--------------------------------------------------------------
     0 | D:1      | MrRokkomies, the Vine Stalker Transmuter, began the quest for the Orb.
     0 | D:1      | Reached XP level 1. HP: 9/9 MP: 4/4
    28 | D:1      | Reached skill level 1 in Fighting
   216 | D:1      | Reached XP level 2. HP: 14/14 MP: 6/6
   489 | D:2      | Noticed Ijyb
   500 | D:1      | Reached XP level 3. HP: 9/18 MP: 1/7
   548 | D:2      | Killed Ijyb
   548 | D:2      | Reached skill level 4 in Unarmed Combat
   548 | D:2      | Reached XP level 4. HP: 17/23 MP: 6/8
   964 | D:2      | Noticed Robin
   993 | D:2      | Killed Robin
  1093 | D:2      | Reached XP level 5. HP: 6/28 MP: 9/9
  1871 | D:2      | Noticed Crazy Yiuf
  1878 | D:2      | Paralysed by Crazy Yiuf for 2 turns
  1884 | D:2      | HP: 1/28 [poisoned by Crazy Yiuf]
  1885 | D:2      | Slain by Crazy Yiuf

Action                   |  1- 3 |  4- 6 || total
-------------------------+-------+-------++-------
Melee: Unarmed           |    71 |   160 ||   231
 Cast: Beastly Appendage |     3 |     3 ||     6
  Use: Scroll            |     2 |     1 ||     3
       Potion            |       |     1 ||     1
  Eat: Chunk             |       |     3 ||     3
